 Dungeon Crawl Stone Soup version 0.20.0-15-g7f486f2 (webtiles) character file.

172 Zhenya24pyc the Cudgeler (level 5, -21/32 HPs)
             Began as a Gargoyle Fighter on June 7, 2017.
             Demolished by an ogre
             ... wielding a +0 giant spiked club
              (27 damage)
             ... on level 4 of the Dungeon on June 9, 2017.
             The game lasted 00:05:26 (1910 turns).

Zhenya24pyc the Cudgeler (Gargoyle Fighter)         Turns: 1910, Time: 00:05:27

Health: -21/32     AC: 12    Str: 21    XL:     5   Next: 53%
Magic:  5/5        EV: 12    Int:  8    God:
Gold:   163        SH:  9    Dex:  9    Spells: 4/4 levels left

rFire    . . .     SeeInvis .   a - +0 flail
rCold    . . .     Gourm    +   c - +0 shield
rNeg     + . .     Faith    .   b - +0 scale mail
rPois    ∞         Spirit   .   (no helmet)
rElec    +         Reflect  .   (no cloak)
rCorr    .         Harm     .   k - +0 pair of gloves (curse)
MR       .....                  (no boots)
Stlth    ..........             j - amulet of the gourmand
Regen    0.1/turn               x - +5 ring of evasion
MPRegen  0.1/turn               (no ring)

@: no status effects
A: negative energy resistance 1, electricity resistance, unbreathing,
petrification resistance, rot immunity, AC +4
a: no special abilities


You were on level 4 of the Dungeon.
You were not hungry.

You visited 1 branch of the dungeon, and saw 4 of its levels.

You collected 163 gold pieces.

Inventory:

Hand Weapons
 a - a +0 flail (weapon)
Armour
 b - a +0 scale mail (worn)
 c - a +0 shield (worn)
 k - a cursed +0 pair of gloves (worn)
Jewellery
 j - an amulet of the gourmand (around neck)
 x - a +5 ring of evasion (left hand)
Scrolls
 e - a scroll of blinking {unknown}
 g - 2 scrolls of amnesia {unknown}
 h - a scroll of fear {unknown}
 i - 2 scrolls of identify {unknown}
 l - a scroll of noise {unknown}
 n - 2 scrolls of random uselessness {unknown}
 o - a scroll of immolation {unknown}
 t - a scroll of enchant weapon {unknown}
 u - 2 scrolls of remove curse {unknown}
 y - a scroll of recharging {unknown}
Potions
 d - a potion of might
 m - a potion of lignification {unknown}
 p - 2 potions of degeneration {unknown}
 q - a potion of ambrosia {unknown}
 v - a potion of haste {unknown}
 w - a potion of curing {unknown}
Comestibles
 f - 2 bread rations
 r - 2 fruits
 s - 3 meat rations


   Skills:
 - Level 3.2 Fighting
 * Level 5.5 Maces & Flails
 - Level 3.2 Armour
 - Level 3.2 Shields


You had 4 spell levels left.
You didn't know any spells.

Dungeon Overview and Level Annotations

Branches:
Dungeon (4/15)
 Temple: D:4-7

Altars:
Trog


Innate Abilities, Weirdness & Mutations

You are resistant to torment.
Your stone body is resilient. (AC +4)
You are immune to poison.
You resist negative energy. (rN+)
You are resistant to electric shocks. (rElec)
You can survive without breathing.
You are immune to petrification.
You are immune to rotting.


Message History

There is a stone staircase leading up here.
An ogre comes into view. It is wielding a giant spiked club.
The ogre shouts!
An ogre is nearby!
An ogre is nearby!
An ogre is nearby!
Press: ? - help, v - describe, . - travel The floor.
The ogre hits you with a giant spiked club.
You barely miss the ogre. The ogre misses you.
You hit the ogre.
The ogre is lightly wounded.
The ogre hits you with a giant spiked club!!
Ouch! That really hurt!
* * * LOW HITPOINT WARNING * * *
You hit the ogre but do no damage.
The ogre is lightly wounded.
The ogre hits you with a giant spiked club!!
Ouch! That really hurt!
You die...

#.#.#
#.#.#.#
#.#.#.#
#.#.#.#
#.#.#.#
#.#.#.#
#.#.#.#
#O#.#.#
#@#.#.#
#.#<#.#
#.###.##
#......#
########


You could see an ogre.

Vanquished Creatures
  2 orc priests (D:3)
  6 adders
  2 worms
  A leopard gecko (D:3)
  6 orcs (D:3)
  6 bats
  2 giant cockroaches
  5 goblins
  4 hobgoblins
  7 kobolds
  A ball python (D:3)
  A frilled lizard (D:1)
  8 rats
51 creatures vanquished.

Notes
Turn   | Place    | Note
-------+----------+-------------------------------------------
     0 | D:1      | Zhenya24pyc the Gargoyle Fighter began the quest for the Orb.
     0 | D:1      | Reached XP level 1. HP: 14/14 MP: 1/1
     0 | D:1      | Upgraded the game from 0.20.0-10-g0535bb4 to 0.20.0-15-g7f486f2
   293 | D:1      | Reached XP level 2. HP: 18/19 MP: 2/2
   520 | D:2      | Reached skill level 3 in Maces & Flails
   569 | D:2      | Reached XP level 3. HP: 19/23 MP: 3/3
   734 | D:2      | Reached skill level 4 in Maces & Flails
   755 | D:2      | Reached XP level 4. HP: 26/28 MP: 4/4
   887 | D:2      | Found a bloodstained altar of Trog.
  1386 | D:3      | Reached skill level 5 in Maces & Flails
  1386 | D:3      | Reached XP level 5. HP: 4/32 MP: 5/5
  1403 | D:3      | HP: 1/32 [orc priest/nerve-wracking pain (5)]
  1904 | D:4      | Noticed an ogre
  1910 | D:4      | Demolished by an ogre

Skill      XL: |  1  2  3  4 |
---------------+-------------+-----
Maces & Flails | 3 4 5 |  5.5
Fighting       | |  3.2
Armour         | |  3.2
Shields        | |  3.2

Action                   |  1- 3 |  4- 6 || total
-------------------------+-------+-------++-------
Melee: Flail             |   117 |   108 ||   225
  Eat: Chunk             |       |     5 ||     5
Armor: Scale mail        |    75 |    40 ||   115
Dodge: Dodged            |    24 |    42 ||    66
Block: Shield            |    55 |    50 ||   105
